 Dungeon Crawl Stone Soup version 0.18-b1-22-ge198996 (webtiles) character file.

323 oplop the Poker (level 6, -4/72 HPs)
             Began as a Merfolk Gladiator on May 4, 2016.
             Killed from afar by an orc wizard (44 damage)
             ... with an exploding inner flame
             ... hexed by the player character
             ... on level 4 of the Dungeon.
             The game lasted 00:06:00 (2901 turns).

oplop the Poker (Merfolk Gladiator)                 Turns: 2901, Time: 00:06:01

Health: -4/72      AC:  6    Str: 21    XL:     6   Next: 47%
Magic:  6/6        EV: 15    Int:  7    God:
Gold:   179        SH:  0    Dex: 16    Spells: 0 memorised, 5 levels left

rFire  . . .     SeeInvis .     a - +0 trident
rCold  . . .     Gourm    .     b - +0 leather armour
rNeg   . . .     Faith    .     (no shield)
rPois  .         Spirit   .     c - +1 helmet
rElec  .         Dismiss  .     y - +0 cloak
rCorr  .         Reflect  .     (no gloves)
SustAt .         Harm     .     (no boots)
MR     .....                    (no amulet)
Stlth  ..........               (no ring)
                                (no ring)

@: berserking, very quick, not resistant to hostile enchantments, extremely
unstealthy
A: change form in water, swift swim
a: no special abilities


You were on level 4 of the Dungeon.
You were hungry.

You visited 1 branch of the dungeon, and saw 4 of its levels.

You collected 179 gold pieces.

Inventory:

Hand Weapons
 a - a +0 trident (weapon)
Missiles
 d - 4 throwing nets
 p - 5 tomahawks (quivered)
Armour
 b - a +0 leather armour (worn)
 c - a +1 helmet (worn)
 y - a +0 cloak (worn)
Jewellery
 t - an uncursed ring of stealth {unknown}
Scrolls
 h - 2 scrolls of identify
 i - 2 scrolls of recharging {unknown}
 o - a scroll of immolation
 q - a scroll of magic mapping {unknown}
 w - 2 scrolls of remove curse {unknown}
 z - a scroll of teleportation {unknown}
Potions
 l - 2 potions of lignification {unknown}
 m - a potion of beneficial mutation {unknown}
 r - a potion of degeneration {unknown}
 u - a potion of invisibility {unknown}
 v - a potion of curing
 x - a potion of might {unknown}
Comestibles
 f - 3 bread rations
 k - 4 meat rations
 s - a royal jelly


   Skills:
 + Level 3.7 Fighting
 + Level 6.2 Polearms
 + Level 4.0 Throwing
 + Level 5.7 Dodging


You had 5 spell levels left.
You didn't know any spells.

Dungeon Overview and Level Annotations

Branches:
Dungeon (4/15)
 Temple: D:4-7

Altars:
Trog

Annotations:
D:3 Chiseanne's ghost, amateur DsWz


Message History

The dust glows pulsating orange!
It was a scroll of random uselessness.
Read which item? (? for menu, Esc to quit)
You can't read that!
Read which item? (? for menu, Esc to quit)
As you read the scroll labeled OXETOTZOOSE, it crumbles to dust.
It is a scroll of identify.
Identify which item? (\ to view known items) (? for menu, Esc to quit)
j - a potion of berserk rage Something hits you but does no damage.
Something closely misses you.
Read which item? (? for menu, Esc to quit)
Okay, then.
Drink which item? (? for menu, Esc to quit)
A red film seems to cover your vision as you go berserk!
You feel yourself moving faster!
You feel mighty! Something hits you but does no damage.
You puncture something! Something barely misses you.
The orc priest casts a cantrip, but nothing happens.
You hit something. The fiery explosion engulfs you!
Ouch! That really hurt!
You die...

######..####..##.###
#..!....# #..##....
#.####o## #..##.###
#.### #..##....
#.#.###..##.###
#...........# #
#)#.##...##.#
#####.####.#....#..#.#
.......@§o.#.......#.#
##.######o...........#
#.##.......#.#
#..........#.#
#............###
######.##............
##.#..÷....).......#####
.....###..#........##...
##.........#)#####.##...


You could see an orc priest and an orc.

Vanquished Creatures
  An ogre (D:4)
  A giant frog skeleton (D:4)
  An orc priest (D:4)
  3 orc wizards (D:4)
  4 adders
  2 worms
  2 dart slugs (D:2)
  2 giant geckos
  7 orcs
  7 bats
  4 giant cockroaches
  8 goblins
  4 hobgoblins
  4 jackals (D:3)
  5 kobolds
  A quokka (D:2)
  3 giant newts
  6 rats
65 creatures vanquished.

Notes
Turn   | Place    | Note
--------------------------------------------------------------
     0 | D:1      | oplop the Merfolk Gladiator began the quest for the Orb.
     0 | D:1      | Reached XP level 1. HP: 16/16 MP: 1/1
    58 | D:1      | Reached XP level 2. HP: 20/22 MP: 2/2
   387 | D:1      | Reached XP level 3. HP: 28/28 MP: 3/3
   917 | D:2      | Reached skill level 5 in Polearms
  1038 | D:2      | Reached XP level 4. HP: 29/34 MP: 4/4
  1752 | D:3      | Found a bloodstained altar of Trog.
  2235 | D:3      | Noticed Chiseanne's ghost (amateur DsWz)
  2412 | D:4      | Reached skill level 5 in Dodging
  2453 | D:4      | Reached XP level 5. HP: 26/41 MP: 5/5
  2610 | D:4      | Noticed an ogre
  2624 | D:4      | Killed an ogre
  2624 | D:4      | Reached XP level 6. HP: 17/47 MP: 6/6
  2873 | D:4      | Reached skill level 6 in Polearms
  2901 | D:4      | Killed from afar by an orc wizard

Skill      XL: |  1  2  3  4  5  6 |
---------------+-------------------+-----
Polearms       | 5 6 |  6.2
Throwing       | 3 4 |  4.0
Fighting       | 3 |  3.7
Dodging        | 5 |  5.7

Action                   |  1- 3 |  4- 6 || total
-------------------------+-------+-------++-------
Melee: Trident           |    90 |   147 ||   237
Throw: Throwing net      |       |     2 ||     2
       Tomahawk          |       |     5 ||     5
  Use: Potion            |       |     4 ||     4
       Scroll            |       |     4 ||     4
 Stab: Sleeping          |     2 |     1 ||     3
  Eat: Chunk             |       |     6 ||     6
Armor: Leather armour    |     7 |    48 ||    55
Dodge: Dodged            |    34 |   118 ||   152
